 Dungeon Crawl Stone Soup version 0.24-a0-525-g9231cdcba1 (webtiles) character file.

Game seed: 14662461414803541048

13895 Aggronaut the Brawler (level 11, -3/94 HPs)
             Began as a Troll Fighter on Aug 2, 2019.
             Was an Elder of the Shining One.
             Slain by an orc warrior
             ... wielding a +0 glaive
              (11 damage)
             ... in a bailey.
             The game lasted 00:22:09 (6223 turns).

Aggronaut the Brawler (Troll Fighter)               Turns: 6223, Time: 00:22:09

Health: -3/94      AC: 11    Str: 29    XL:     11   Next: 81%
Magic:  10/10      EV: 10    Int:  4    God:    the Shining One [****..]
Gold:   659        SH:  0    Dex: 11    Spells: 8/10 levels left

rFire    . . .     SeeInvis +     - Unarmed
rCold    . . .     Gourm    +   (no shield)
rNeg     + + .     Faith    .   E - +0 steam dragon scales
rPois    .         Spirit   .   (helmet restricted)
rElec    .         Reflect  .   C - +1 cloak
rCorr    .         Harm     .   (gloves unavailable)
MR       .....                  (boots unavailable)
Stlth    +.........             (no amulet)
HPRegen  0.65/turn              q - ring of see invisible
MPRegen  0.12/turn              B - +2 ring of strength

@: glowing
A: large, unfitting armour, claws 3, fast metabolism 3, gourmand, regeneration
1, shaggy fur 1, tough skin 3
a: Divine Shield, Cleansing Flame, Renounce Religion


You were in a bailey.
You worshipped the Shining One.
The Shining One was greatly pleased with you.
You were not hungry.

You visited 2 branches of the dungeon, and saw 11 of its levels.
You also visited: Bailey.

You collected 659 gold pieces.

Inventory:

Armour
 a - a +0 robe
 b - a +0 shield
 C - a +1 cloak (worn)
 E - +0 steam dragon scales (worn)
 J - a cursed +0 shield
 M - a +1 robe of magic resistance
Jewellery
 l - an uncursed ring of positive energy {unknown}
 q - a ring of see invisible (left claw)
 w - an uncursed amulet of faith {unknown}
 x - an uncursed ring of ice
 y - an uncursed ring of fire
 B - a +2 ring of strength (right claw)
 Q - an uncursed amulet of harm {unknown}
Wands
 n - a wand of polymorph (18)
 o - a wand of acid (6)
 v - a wand of digging (8)
 F - a wand of paralysis (9)
 H - a wand of iceblast (15)
 L - a wand of disintegration (11)
 N - a wand of enslavement (12)
Scrolls
 e - 3 scrolls of enchant armour
 f - 5 scrolls of teleportation
 i - a scroll of remove curse
 j - a scroll of enchant weapon
 k - a scroll of magic mapping
 p - a scroll of random uselessness {unknown}
 r - 2 scrolls of vulnerability
 u - a scroll of amnesia {unknown}
 D - a scroll of fear
 I - a scroll of fog
Potions
 c - 4 potions of might
 g - a potion of heal wounds
 h - 2 potions of brilliance
 m - 4 potions of curing
 s - a potion of lignification
 t - a potion of agility
 z - a potion of flight {unknown}
 G - a potion of ambrosia
 O - a potion of cancellation {unknown}
 P - a potion of invisibility {unknown}
Miscellaneous
 A - a lightning rod (3/4)
Comestibles
 d - 17 rations


   Skills:
 - Level 2.4 Fighting
 - Level 2.4 Dodging
 - Level 2.4 Shields
 + Level 17.8 Unarmed Combat


You had 8 spell levels left.
You knew the following spells:

 Your Spells              Type           Power        Failure   Level  Hunger
a - Summon Small Mammal   Summ           #...         50%         1    ##.....
b - Animate Skeleton      Necr           N/A          50%         1    ##.....

Your spell library contained the following spells:

 Spells                   Type           Power        Failure   Level  Hunger
 Apportation              Tloc           #.....       50%         1    ##.....
 Confusing Touch          Hex            #.....       50%         1    ##.....
 Corona                   Hex            #......      50%         1    ##.....
 Slow                     Hex            #.......     65%         2    ###....
 Inner Flame              Hex/Fire       #.......     86%         3    ####...
 Portal Projectile        Hex/Tloc       #.....       86%         3    ####...
 Cause Fear               Hex            #.........   99%         4    #####..
 Leda's Liquefaction      Hex/Erth       #.........   99%         4    #####..


Dungeon Overview and Level Annotations

Branches:
Dungeon (10/15)            Temple (1/1) D:4            Lair (0/6) D:8
    Orc: D:9-12

Altars:
Ashenzari
Cheibriados
Dithmenos
Elyvilon
Fedhas
Gozag
Hepliaklqana
Kikubaaqudgha
Makhleb
Nemelex Xobeh
Okawaru
Qazlal
Ru
Sif Muna
Trog
Uskayaw
Vehumet
Wu Jian
Xom
Yredelemnul
Zin
The Shining One


Innate Abilities, Weirdness & Mutations

You are too large for most types of armour.
You have claws for hands.
Your metabolism is lightning-fast.
You like to eat raw meat.
Your natural rate of healing is unusually fast.
You are covered in fur. (AC +1)
You have extremely tough skin. (AC +3)


Message History

The orc knight hits you from afar with a +0 halberd!!
The orc warrior barely misses you.
The orc knight hits you from afar with a +0 halberd!
Found a +0 scale mail.
Found a glowing large shield.
There is an open door here.
You see here a glowing large shield.
There is an open door here.
The orc warrior hits you from afar with a +0 glaive!!
The orc warrior barely misses you.
The orc knight hits you from afar with a +0 halberd!
* * * LOW HITPOINT WARNING * * *
The orc warrior closely misses you. The orc warrior closely misses you.
The orc knight hits you from afar with a +0 halberd.
* * * LOW HITPOINT WARNING * * *
The orc warrior hits you from afar with a +0 halberd!
* * * LOW HITPOINT WARNING * * *
The orc warrior hits you from afar with a +0 glaive!
You die...

#∩#### ##.........##
##∩..#######..≈≈≈≈≈≈≈..##
####...##...≈≈.)...≈≈..##
########.##..≈))###..≈≈..######
#.........##)).##.##..≈≈.......
#.≈≈≈≈≈≈≈#######[.[##..≈≈≈≈≈≈≈≈
#.≈..##### #.....##.........
#.≈.##### #####'#############
#.≈.##.$$ #.@.......##.....##
#.≈..## #..≈≈≈≈≈§≈..'#...##.
#.≈≈..## #..≈≈ooo..≈§..##)##..
#∩.≈≈..# #..≈≈...o...≈≈..#'#.)≈
##.≈≈..# #..≈≈..⌠∩⌠.§§§..#'#..≈
#.≈≈..## #+..≈≈...).§≈§.##.##..
#.≈..## ##..≈≈≈§§≈§§§##...##.
#.≈.## ##.........##.....##
#.≈.#############'###'#########


You could see an orc knight and 3 orc warriors.

Vanquished Creatures
  A hydra (D:9)
  A centaur warrior (D:8)
  7 death yaks (D:8)
  An unseen horror (D:9)
  Pikel (D:8)
  A deep elf mage (D:9)
  A manticore (D:8)
  Joseph (D:8)
  Psyche (D:8)
  2 hippogriffs
  A wraith (D:9)
  4 hogs (D:7)
  A basilisk (D:9)
  A hungry ghost (D:8)
  A human (D:7)
  A steam dragon (D:7)
  A vampire mosquito (D:8)
  2 insubstantial wisps (D:7)
  A black bear (D:5)
  3 ice beasts
  A slave (D:8)
  4 orc warriors
  6 sky beasts
  2 phantoms (D:9)
  An eye of draining (D:8)
  2 ogres
  4 centaurs
  2 big kobolds (D:8)
  4 bullfrogs
  2 water moccasin skeletons
  8 killer bees (D:9)
  4 scorpions
  A jelly (D:8)
  A crimson imp (D:5)
  A centaur zombie (D:7)
  A centaur skeleton (D:9)
  A hound (D:8)
  2 orc priests (D:8)
  6 orc wizards
  4 bullfrog skeletons
  Jessica (D:2)
  3 iguanas
  5 worker ants
  2 hound zombies (D:7)
  2 worker ant zombies (D:6)
  5 gnolls
  11 adders
  3 shadow imps
  An ooze (D:1)
  An adder skeleton (D:4)
  4 worms
  A dart slug (D:4)
  6 leopard geckos
  28 orcs
  4 bats
  4 giant cockroaches
  4 goblins
  6 hobgoblins
  17 jackals
  2 quokkas
  2 ball pythons
  2 frilled lizards
  14 kobolds
  3 leopard gecko skeletons
  A quokka skeleton (D:4)
  4 rats
226 creatures vanquished.

Vanquished Creatures (others)
  A slave (D:8)
  2 kobolds (D:8)
3 creatures vanquished.

Grand Total: 229 creatures vanquished

Notes
Turn   | Place    | Note
-------+----------+-------------------------------------------
     0 | D:1      | Aggronaut the Troll Fighter began the quest for the Orb.
     0 | D:1      | Reached XP level 1. HP: 22/22 MP: 0/0
   102 | D:1      | Reached XP level 2. HP: 29/29 MP: 1/1
   232 | D:1      | Reached skill level 3 in Unarmed Combat
   589 | D:2      | Reached XP level 3. HP: 36/36 MP: 2/2
   626 | D:2      | Learned a level 1 spell: Summon Small Mammal
   628 | D:2      | Learned a level 1 spell: Animate Skeleton
   678 | D:2      | Found a glowing golden altar of the Shining One.
   689 | D:2      | Became a worshipper of the Shining One
   829 | D:2      | Reached skill level 4 in Unarmed Combat
   887 | D:2      | Noticed Jessica
   896 | D:2      | Killed Jessica
   896 | D:2      | Reached XP level 4. HP: 34/44 MP: 3/3
  1499 | D:3      | Reached skill level 5 in Unarmed Combat
  1510 | D:3      | Found an ornate altar of the Wu Jian Council.
  1538 | D:3      | Found an ancient bone altar of Kikubaaqudgha.
  1538 | D:3      | Found a blossoming altar of Fedhas.
  1567 | D:3      | Noticed a green death
  1569 | D:3      | Found a burning altar of Makhleb.
  1572 | D:3      | Found a glowing silver altar of Zin.
  1572 | D:3      | Noticed an angel
  1731 | D:4      | Reached XP level 5. HP: 48/50 MP: 4/4
  1882 | D:4      | Noticed an ogre
  1903 | D:4      | Killed an ogre
  1903 | D:4      | Reached skill level 6 in Unarmed Combat
  1903 | D:4      | Reached XP level 6. HP: 44/59 MP: 5/5
  1998 | D:4      | Reached * piety under the Shining One
  2042 | D:4      | Reached skill level 7 in Unarmed Combat
  2074 | D:4      | Found a staircase to the Ecumenical Temple.
  2202 | Temple   | Entered the Ecumenical Temple
  2361 | D:5      | Entered Level 5 of the Dungeon
  2573 | D:5      | Reached XP level 7. HP: 63/66 MP: 6/6
  2606 | D:5      | Reached skill level 8 in Unarmed Combat
  2940 | D:6      | Found a stormy altar of Qazlal.
  2974 | D:6      | Reached skill level 9 in Unarmed Combat
  3064 | D:6      | Reached ** piety under the Shining One
  3436 | D:7      | Reached XP level 8. HP: 74/74 MP: 7/7
  3468 | D:7      | Reached skill level 10 in Unarmed Combat
  3519 | D:7      | Reached skill level 11 in Unarmed Combat
  3596 | D:7      | Reached XP level 9. HP: 65/80 MP: 8/8
  3599 | D:7      | Reached skill level 12 in Unarmed Combat
  3685 | D:7      | Found a shadowy altar of Dithmenos.
  3932 | D:8      | Found a shadowy altar of Dithmenos.
  3977 | D:8      | Reached skill level 13 in Unarmed Combat
  4024 | D:8      | Noticed Joseph
  4034 | D:8      | Killed Joseph
  4072 | D:8      | Noticed Pikel
  4083 | D:8      | Killed Pikel
  4096 | D:8      | Reached skill level 14 in Unarmed Combat
  4096 | D:8      | Reached XP level 10. HP: 69/88 MP: 9/9
  4161 | D:8      | Noticed Psyche
  4168 | D:8      | Killed Psyche
  4186 | D:8      | Noticed a centaur warrior
  4189 | D:8      | Noticed a manticore
  4193 | D:8      | Killed a centaur warrior
  4202 | D:8      | Killed a manticore
  4306 | D:8      | Reached skill level 15 in Unarmed Combat
  4311 | D:8      | Noticed a death yak
  4311 | D:8      | Reached *** piety under the Shining One
  4336 | D:8      | Noticed a death yak
  4336 | D:8      | Noticed a death yak
  4337 | D:8      | Noticed a death yak
  4354 | D:8      | Killed a death yak
  4357 | D:8      | Noticed a death yak
  4364 | D:8      | Killed a death yak
  4364 | D:8      | Noticed a death yak
  4365 | D:8      | Noticed a death yak
  4369 | D:8      | Killed a death yak
  4369 | D:8      | Reached skill level 16 in Unarmed Combat
  4375 | D:8      | HP: 2/88 [death yak (13)]
  4519 | D:8      | Killed a death yak
  4519 | D:8      | Reached XP level 11. HP: 85/94 MP: 10/10
  4526 | D:8      | Killed a death yak
  4540 | D:8      | Killed a death yak
  4546 | D:8      | Killed a death yak
  4743 | D:8      | Found a staircase to the Lair.
  5183 | D:9      | Reached skill level 17 in Unarmed Combat
  5186 | D:9      | Found a snail-covered altar of Cheibriados.
  5252 | D:9      | Found an opulent altar of Gozag.
  5535 | D:9      | Noticed an unseen horror
  5594 | D:9      | Killed an unseen horror
  5595 | D:9      | Found a large runed translucent door.
  5603 | D:9      | Found a large runed translucent door.
  5769 | D:9      | Found an ancient bone altar of Kikubaaqudgha.
  5769 | D:9      | Noticed a deep elf mage
  5774 | D:9      | Killed a deep elf mage
  5780 | D:9      | Found a shattered altar of Ashenzari.
  5780 | D:9      | Noticed a six-headed hydra
  5785 | D:9      | Killed a ten-headed hydra
  5882 | D:10     | Entered Level 10 of the Dungeon
  5882 | D:10     | Found a flagged portal.
  5892 | Bailey   | Entered a bailey
  5957 | Bailey   | Noticed an orc knight
  6143 | Bailey   | Noticed an orc knight
  6143 | Bailey   | Reached **** piety under the Shining One
  6148 | Bailey   | Identified the cursed +0 steam dragon scales of the Past
                  | {*Corrode +Fly rF+ Str+3 Int+2}
  6148 | Bailey   | Identified the ring of Wonder {Fire rPois Str-5 Dex+2}
  6223 | Bailey   | Slain by an orc warrior

Levels and vault maps discovered:
D:1:      eino_arrival_cavern_b, layout_loops_ring
D:2:      minmay_door_path, layout_rooms, lemuel_crystal_altar,
          kennysheep_generic_room_2, uniq_jessica
D:3:      layout_rooms, grunt_temple_overflow_growth_and_decay,
          grunt_temple_overflow_order_and_chaos_2, marbit_many_paths
D:4:      layout_rooms, temple_hall
D:5:      layout_rooms, first_ration
D:6:      layout_rooms, kennysheep_little_box
D:7:      layout_rooms, lemuel_crystal_altar, grunt_livestock,
          hangedman_misty_isle
D:8:      minmay_bloctagon_deflated, layout_basic, dpeg_lair_monsters,
          grunt_dithmenos_smoke_and_mirrors, uniq_joseph, uniq_pikel,
          uniq_psyche
D:9:      layout_roguey, overflow_temple_1_default,
          nicolae_gozag_cash_rules_everything_around_me, jmf_multi_god_temple2
D:10:     layout_roguey, enter_bailey_2
Temple:   nicolae_temple_x_marks_the_god
Bailey:   bailey_polearm_1, bailey

Skill      XL: |  1  2  3  4  5  6  7  8  9 10 11 |
---------------+----------------------------------+-----
Unarmed Combat | 3 4 5 6 7 9 11 14 16 17 | 17.8
Fighting       | |  2.4
Dodging        | |  2.4
Shields        | |  2.4

Action                   |  1- 3 |  4- 6 |  7- 9 | 10-12 || total
-------------------------+-------+-------+-------+-------++-------
Melee: Unarmed           |    63 |   111 |   202 |   179 ||   555
       Punch             |       |     1 |    10 |    18 ||    29
Evoke: Wand              |       |       |       |    11 ||    11
       Lightning rod     |       |       |       |     1 ||     1
  Use: Scroll            |       |     5 |     2 |    10 ||    17
       Potion            |       |       |     1 |     6 ||     7
  Eat: Chunk             |    14 |    15 |    19 |    16 ||    64
Armor: Robe              |    14 |    34 |    27 |       ||    75
       Steam dragon scal |       |       |    33 |    74 ||   107
Dodge: Dodged            |    19 |    52 |    89 |   108 ||   268
Block: Shield            |    17 |       |       |       ||    17

Table legend:
 A = Non-vault XP
 B = Vault XP
 C = Vault XP percentage of total XP
 D = Non-vault monster count
 E = Vault monster count
 F = Vault count percentage of total count
                 A         B        C        D         E       F
            +---------+---------+-------+---------+---------+-------
      Total |    5372 |   14478 |  72.9 |     175 |      50 |  22.2
            +---------+---------+-------+---------+---------+-------
        D:1 |      40 |       0 |   0.0 |      14 |       0 |   0.0
        D:2 |      40 |      48 |  54.5 |      15 |       7 |  31.8
        D:3 |      38 |      13 |  25.5 |      13 |       1 |   7.1
        D:4 |     402 |       0 |   0.0 |      18 |       0 |   0.0
        D:5 |     464 |       0 |   0.0 |      15 |       0 |   0.0
        D:6 |     292 |       0 |   0.0 |      17 |       0 |   0.0
        D:7 |     545 |    1830 |  77.1 |      10 |      11 |  52.4
        D:8 |    1657 |    9261 |  84.8 |      47 |      14 |  23.0
        D:9 |    1894 |    2907 |  60.5 |      26 |       6 |  18.8
     Bailey |       0 |     419 | 100.0 |       0 |      11 | 100.0
            +---------+---------+-------+---------+---------+-------
